 Dungeon Crawl Stone Soup version 0.24.0-29-g8ce449bc06 (webtiles) character file.

Game seed: 10810733445829602635, levelgen mode: deterministic

119 Esekla the Slasher (level 4, 34/34 HPs)
             Began as a Demonspawn Wanderer on Nov 16, 2019.
             Was a Follower of Yredelemnul.
             Got out of the dungeon alive.
             The game lasted 00:11:00 (2367 turns).

Esekla the Slasher (Demonspawn Wanderer)            Turns: 2367, Time: 00:11:01

Health: 34/34      AC:  4    Str: 16    XL:     4   Next: 73%
Magic:  4/4        EV: 13    Int: 16    God:    Yredelemnul [*.....]
Gold:   157        SH:  0    Dex: 13    Spells: 3/3 levels left

rFire    + . .     SeeInvis .   a - +2 falchion
rCold    . . .     Gourm    .   (no shield)
rNeg     . . .     Faith    .   h - +2 robe {rF+}
rPois    .         Spirit   .   (no helmet)
rElec    .         Reflect  .   (no cloak)
rCorr    +         Harm     .   (no gloves)
MR       .....                  (no boots)
Stlth    +++.......             k - amulet of the acrobat
HPRegen  0.11/turn              m - +6 ring of strength
MPRegen  0.09/turn              q - ring of resist corrosion

@: no status effects
A: claws 1, nightstalker 1
a: Animate Remains, Renounce Religion


You escaped.
You worshipped Yredelemnul.
Yredelemnul was aware of your devotion.
You were not hungry.

You visited 1 branch of the dungeon, and saw 3 of its levels.

You collected 157 gold pieces.

Inventory:

Hand Weapons
 a - a +2 falchion (weapon)
Missiles
 w - 25 poisoned darts (quivered)
Armour
 h - a +2 robe of fire resistance (worn)
Jewellery
 k - an amulet of the acrobat (around neck)
 m - a +6 ring of strength (left claw)
 q - a ring of resist corrosion (right claw)
Wands
 c - a wand of flame (14)
Scrolls
 d - a scroll of enchant weapon {unknown}
 e - 4 scrolls of teleportation {unknown}
 j - a scroll of enchant armour {unknown}
 n - a scroll of fog {unknown}
 o - a scroll of blinking {unknown}
 p - a scroll of noise {unknown}
 t - a scroll of magic mapping {unknown}
 v - a scroll of immolation {unknown}
Potions
 b - a potion of lignification
 g - a potion of heal wounds {unknown}
 i - a potion of agility {unknown}
 l - a potion of degeneration {unknown}
 r - a potion of magic {unknown}
 u - a potion of ambrosia {unknown}
Comestibles
 f - 5 rations
 s - 2 chunks of flesh


   Skills:
 + Level 2.5 Fighting
   Level 1.0(2.8) Short Blades
 * Level 4.2(4.3) Long Blades
 + Level 2.5 Dodging
 + Level 1.5 Stealth
 + Level 1.0 Evocations


You had 3 spell levels left.
You didn't know any spells.
Your spell library was empty.

Dungeon Overview and Level Annotations

Branches:
Dungeon (3/15)

Altars:
Wu Jian
Yredelemnul
The Shining One


Innate Abilities, Weirdness & Mutations

You have sharp fingernails.
You are slightly more attuned to the shadows.


Message History

The kobold hits you with a +0 club.
You slash the kobold!
You kill the kobold!
Yredelemnul accepts your kill.
u - a bubbling golden potion;
v - a scroll labeled HOFUSOSMUE
Things that are here:
a +0 club; 24 poisoned darts; a kobold corpse
f - 5 rations (gained 1)
You see here a poisoned dart.
w - a poisoned dart
w - 25 poisoned darts (gained 24)
Things that are here:
a +0 club; a kobold corpse
There is a stone staircase leading up here.
You climb upwards.
There is a stone staircase leading down here.
There is an open door here.
There is a staircase leading out of the dungeon here.
Are you sure you want to leave the Dungeon?
This will make you lose the game!
You have escaped!

........# #.############.P≈≈
#.......############# #..P≈
#......)..##≈≈○≈≈○≈≈## #..≈≈
#.......###≈≈≈☼☼§°≈≈≈# #...P
#.......# #≈≈#○≈☼○#°≈# ##...
........###≈≈≈○°○≈§≈☼# ####
..........#≈≈≈≈≈○§≈○°# #
........#.############ ####
##....###..'....@....# #...
......# ############## #.##
##.#### #≈☼○○○§○°○○# #.#
##.########≈☼≈☼○○☼§≈≈# ##.##
##........#°≈#§°○○#☼≈# ##.#.#
###########☼≈○≈§○°§○§#######.###.
## ##≈☼°☼°○°°##......## ##
.###### #################.###.
......# #.........###.#.#


There were no monsters in sight!

Vanquished Creatures
  5 adders
  2 worms (D:2)
  3 leopard geckos
  A ball python (D:2)
  3 giant cockroaches
  10 goblins
  8 hobgoblins
  5 jackals
  8 bats
  5 frilled lizards
  9 kobolds
  5 rats
64 creatures vanquished.

Notes
Turn   | Place    | Note
-------+----------+-------------------------------------------
     0 | D:1      | Esekla the Demonspawn Wanderer began the quest for the Orb.
     0 | D:1      | Esekla set off with the following items: a +2 falchion, a
                  | potion of lignification, a potion of curing, a +0 robe, a
                  | ration
     0 | D:1      | Reached XP level 1. HP: 16/16 MP: 1/1
   104 | D:1      | Reached skill level 3 in Long Blades
   111 | D:1      | Gained mutation: You have sharp fingernails. [demonic
                  | ancestry]
   111 | D:1      | Reached XP level 2. HP: 20/22 MP: 2/2
   538 | D:1      | Found a glowing golden altar of the Shining One.
   579 | D:1      | Reached XP level 3. HP: 27/27 MP: 3/3
  1343 | D:3      | Gained mutation: You are slightly more attuned to the
                  | shadows. [demonic ancestry]
  1343 | D:3      | Reached XP level 4. HP: 12/34 MP: 4/4
  1547 | D:3      | Found an ornate altar of the Wu Jian Council.
  1729 | D:3      | Reached skill level 4 in Long Blades
  2204 | D:2      | Found a faded altar of an unknown god.
  2211 | D:2      | Became a worshipper of Yredelemnul the Dark
  2211 | D:2      | Reached * piety under Yredelemnul
  2367 | D:$      | Got out of the dungeon alive.

Levels and vault maps discovered:
D:1:      saegor_arrival_miasma, layout_loops_ring, serial_bayou_pond_b,
          serial_bayou_pond_c, st_stairs_5, tso_metal_star
D:2:      layout_basic, chequers_ecumenical_altar_simple_redux, uniq_robin
D:3:      layout_rooms, lemuel_coloured_pillars_altar, first_ration,
          minmay_diced_spiral

Skill      XL: |  1  2  3  4 |
---------------+-------------+-----
Dodging        | 2 |  2.5
Long Blades    | 3 4 |  4.2
Fighting       | |  2.5
Short Blades   | |  1.0
Stealth        | |  1.5
Evocations     | |  1.0

Action                   |  1- 3 |  4- 6 || total
-------------------------+-------+-------++-------
Melee: Falchion          |   108 |    68 ||   176
  Use: Potion            |     1 |     1 ||     2
 Stab: Sleeping          |     5 |     3 ||     8
       Distracted        |       |     1 ||     1
  Eat: Chunk             |     1 |     4 ||     5
Armor: Robe              |    26 |     9 ||    35
Dodge: Dodged            |    72 |    59 ||   131
       Rpst.: Falchion   |    27 |    19 ||    46
